Map: Hidden Caves

Players

Allec

  • Race: Protoss Protoss

XxXMasteRXxX

  • Race: Terran Terran

insop

  • Race: Terran Terran

Knoby

  • Race: Terran Terran
  • League: Gold

Kosh

  • Race: Protoss Protoss

Maretsu

  • Race: Protoss Protoss

Zeptick

  • Race: Protoss Protoss
  • League: Gold

Gracz

  • Race: Terran Terran

VOD

Have the link to the VOD?

Description

Time

  • Played on: April 30, 2016, 12:49 p.m.
  • Length: 11:47
Show
View Real Time Build Order
Export as new Build Order

Allec Protoss 

Build Orders:  

Get SALT Encoding   

  12  0:02  Probe (Chrono Boost)  
  13  0:13  Probe (Chrono Boost)  
  14  0:23  Probe (Chrono Boost)  
  14  0:24  Pylon  
  15  0:33  Assimilator  
  15  0:42  Probe (Chrono Boost)  
  16  0:45  Gateway  
  16  0:53  Probe (Chrono Boost)  
  17  1:00  Pylon  
  17  1:03  Probe (Chrono Boost)  
  18  1:12  Gateway  
  18  1:15  Probe (Chrono Boost)  
  19  1:26  Probe (Chrono Boost)  
  19  1:27  Gateway  
  20  1:39  Probe (Chrono Boost)  
  21  1:42  Cybernetics Core  
  21  1:49  Assimilator, Probe (Chrono Boost)  
  22  2:00  Pylon, Probe (Chrono Boost)  
  23  2:11  Probe (Chrono Boost)  
  24  2:19  Stalker  
  24  2:20  Pylon  
  24  2:22  Probe (Chrono Boost)  
  27  2:28  Stalker  
  29  2:32  Probe (Chrono Boost)  
  30  2:37  Stalker  
  30  2:43  Probe (Chrono Boost)  
  33  2:49  Stalker  
  35  2:53  Probe (Chrono Boost)  
  35  2:58  Stalker  
  38  3:03  Probe (Chrono Boost)  
  38  3:05  Warp Gate (Chrono Boost)  
  39  3:14  Stalker  
  39  3:15  Probe  
  42  3:27  Probe  
  42  3:30  Pylon, Stalker  
  45  3:40  Probe  
  46  3:41  Pylon  
  46  3:54  Probe  
  47  4:06  Probe  
  47  4:08  Stalker  
  50  4:14  Nexus  
  50  4:15  Stalker  
  52  4:18  Probe  
  53  4:30  Probe  
  54  4:42  Stargate, Probe  
  55  4:54  Probe  
  56  5:02  Stargate  
  56  5:03  Pylon  
  56  5:07  Stargate  
  56  5:08  Probe  
  57  5:20  Probe  
  58  5:24  Probe  
  59  5:31  Nexus  
  59  5:32  Probe  
  59  5:35  Probe  
  61  5:45  Probe x2  
  63  5:56  Probe  
  63  5:57  Probe  
  63  5:58  Forge, Pylon  
  65  6:06  Assimilator, Probe  
  65  6:09  Assimilator, Probe  
  67  6:17  Probe, Void Ray  
  71  6:21  Probe  
  73  6:27  Probe  
  73  6:31  Pylon  
  73  6:32  Void Ray  
  78  6:33  Probe  
  78  6:38  Probe  
  80  6:42  Probe  
  80  6:45  Probe  
  82  6:48  Probe  
  82  6:52  Probe, Void Ray  
  87  6:58  Protoss Shields Level 1  
  87  6:59  Probe x2  
  90  7:03  Probe  
  91  7:08  Assimilator  
  91  7:09  Probe  
  91  7:11  Probe  
  91  7:12  Assimilator  
  91  7:13  Probe  
  91  7:15  Void Ray  
  98  7:20  Probe  
  99  7:23  Probe  
  99  7:24  Probe  
  101  7:30  Void Ray  
  101  7:35  Probe, Void Ray  
  110  7:39  Probe  
  110  7:42  Probe  
  112  7:47  Probe  
  112  7:50  Probe  
  113  7:52  Pylon  
  113  7:53  Probe  
  113  7:55  Pylon  
  113  7:58  Pylon  
  115  8:00  Protoss Air Weapons Level 1 (Chrono Boost), Probe  
  115  8:01  Probe  
  115  8:05  Stargate  
  117  8:08  Stargate, Probe  
  117  8:11  Probe  
  117  8:12  Probe  
  119  8:17  Pylon  
  119  8:19  Probe  
  120  8:20  Pylon, Void Ray  
  120  8:22  Probe  
  120  8:23  Pylon, Void Ray  
  120  8:24  Probe  
  131  8:31  Void Ray  
  131  8:32  Probe  
  136  8:36  Probe  
  137  8:43  Probe  
  137  8:44  Pylon  
  137  8:45  Twilight Council  
  137  8:47  Probe  
  137  8:48  Probe  
  139  8:49  Pylon  
  139  8:53  Probe  
  141  8:56  Void Ray  
  141  8:57  Robotics Facility  
  141  8:58  Probe  
  146  9:02  Void Ray  
  146  9:04  Probe  
  146  9:05  Probe  
  146  9:08  Probe  
  152  9:14  Probe  
  155  9:17  Probe  
  155  9:20  Probe  
  156  9:24  Void Ray x2  
  156  9:25  Probe  
  156  9:29  Probe  
  156  9:30  Probe  
  166  9:31  Protoss Shields Level 2  
  166  9:35  Probe  
  168  9:41  Probe x2  
  168  9:44  Void Ray  
  174  9:46  Probe  
  174  9:51  Probe, Void Ray  
  179  9:53  Probe  
  181  10:17  Fleet Beacon  
  181  10:28  Probe x2  
  181  10:29  Probe  
  181  10:30  Observer, Void Ray  
  151  10:40  Void Ray  
  151  10:41  Probe, Void Ray  
  152  10:51  Observer  
  153  11:09  Nexus  
  157  11:19  Nexus  
  157  11:21  Pylon  
  157  11:23  Pylon  
  153  11:25  Pylon  
  153  11:28  Assimilator  
  153  11:32  Assimilator  
  165  11:46  Assimilator  
Show
View Real Time Build Order
Export as new Build Order

XxXMasteRXxX Terran 

Build Orders:  

Get SALT Encoding   

  12  0:01  SCV  
  13  0:13  SCV  
  14  0:23  Supply Depot  
  14  0:25  SCV  
  15  0:45  SCV  
  15  0:47  Barracks  
  16  0:53  Barracks  
  16  0:57  SCV  
  16  1:03  Refinery  
  17  1:12  Supply Depot  
  17  1:18  SCV  
  17  1:23  Refinery  
  18  1:30  SCV  
  19  1:34  Marine  
  20  1:42  Marine  
  21  1:51  Orbital Command  
  21  1:53  Marine  
  22  2:09  Barracks Reactor  
  22  2:17  Barracks Tech Lab  
  22  2:18  SCV  
  23  2:22  Factory  
  23  2:39  Marauder  
  23  2:40  Combat Shields  
  25  2:47  Marine  
  25  2:48  Barracks, Marine  
  27  3:06  Marine x2, Marauder  
  27  3:11  Factory Tech Lab  
  31  3:15  Supply Depot  
  31  3:27  Supply Depot  
  31  3:37  Siege Tank, SCV  
  35  3:52  Barracks  
  35  3:59  Concussive Shells  
  35  4:00  Marauder  
  37  4:05  Barracks Reactor  
  37  4:12  Siege Tank  
  40  4:28  Engineering Bay  
  40  4:35  Marine x2  
  42  4:39  Marauder  
  42  4:41  Barracks Tech Lab  
  44  4:48  Marine x2  
  46  4:55  Engineering Bay  
  46  5:04  Supply Depot  
  46  5:05  Supply Depot  
  46  5:12  Supply Depot  
  46  5:26  Siege Tank  
  47  5:44  Marine  
  47  5:45  Marine x2  
  47  5:46  Marine x2  
  47  5:48  Marauder  
  54  5:50  Factory  
  54  6:08  Missile Turret  
  54  6:10  Terran Infantry Weapons Level 1  
  54  6:11  Terran Infantry Armor Level 1  
  54  6:17  Siege Tank  
  57  6:35  Factory Tech Lab  
  57  6:39  Marauder  
  61  6:40  Marine x2, Marauder  
  63  7:06  Command Center  
  63  7:13  Starport  
  63  7:16  Siege Tank  
  66  7:32  Marine x2  
  66  7:33  Marauder  
  66  7:36  Marine  
  71  7:42  Marine  
  72  7:46  Supply Depot  
  72  8:02  Starport Reactor  
  72  8:07  Building Armor  
  72  8:10  Hi-Sec Auto Tracking  
  72  8:32  Siege Tank  
  75  8:45  Medivac x2  
  79  9:23  Medivac x2  
  83  9:52  Orbital Command  
Show
View Real Time Build Order
Export as new Build Order

insop Terran 

Build Orders: 1/1/1 

Get SALT Encoding   

  12  0:01  SCV  
  13  0:16  Supply Depot  
  13  0:23  Refinery  
  13  0:28  SCV  
  14  0:43  Barracks  
  14  0:47  SCV  
  15  0:59  SCV  
  16  1:15  SCV  
  17  1:28  SCV  
  17  1:32  Factory, Marine  
  19  1:40  SCV  
  20  1:52  Barracks Reactor  
  20  1:55  SCV  
  20  1:59  Refinery  
  21  2:04  Supply Depot  
  21  2:10  SCV  
  21  2:11  Supply Depot  
  22  2:29  Starport  
  22  2:34  SCV  
  23  2:39  Factory Tech Lab  
  23  3:04  Command Center  
  23  3:07  SCV  
  23  3:11  Starport Reactor  
  24  3:15  Marine  
  25  3:28  Siege Tank  
  25  3:32  SCV  
  29  3:34  Marine  
  30  3:45  SCV  
  30  3:46  Marine  
  32  3:52  Medivac  
  36  4:10  Medivac  
  36  4:13  Marine  
  36  4:15  Marine  
  38  4:21  Supply Depot  
  38  4:22  Siege Tank  
  41  4:30  Orbital Command  
  41  4:45  SCV  
  42  4:46  Marine x2  
  42  4:48  Medivac  
  46  4:59  Medivac  
  48  5:03  SCV  
  48  5:04  Marine x2  
  51  5:11  Siege Tank  
  54  5:24  Marine x2  
  56  5:42  Marine x2  
  52  6:00  Marine x2  
  53  6:12  Engineering Bay  
  53  6:15  Armory  
  53  6:18  Barracks, Marine x2  
  55  6:21  Barracks  
  55  6:25  Factory  
  55  6:28  Medivac x2  
  59  6:35  Marine x2  
  61  6:40  Missile Turret  
  61  6:42  SCV  
  61  6:44  Orbital Command  
  62  6:48  Missile Turret  
  62  6:52  Refinery  
  62  7:00  Supply Depot  
  62  7:05  Supply Depot  
  62  7:13  Barracks Tech Lab  
  62  7:14  Barracks Reactor  
  62  7:17  Factory Tech Lab  
  62  7:21  Marine x2  
  62  7:22  SCV x2  
  66  7:28  Missile Turret  
  66  7:34  Stimpack  
  66  7:39  SCV x2  
  69  7:51  SCV  
  69  7:52  Marine x4  
  69  7:54  Terran Infantry Weapons Level 1  
  73  8:26  Marine  
  73  8:27  Marine x4  
  78  8:40  Supply Depot x2  
  78  8:41  Supply Depot  
  78  8:50  Terran Vehicle Weapons Level 1  
  78  9:01  Marine x2, Thor  
  78  9:02  Thor  
  85  9:31  Marine x2  
  85  9:32  Marine x3  
  90  9:49  Medivac, Marine x2, Terran Infantry Armor Level 1, Thor  
  90  9:50  Medivac  
  102  10:08  Marine x2  
  92  10:50  Marine x4  
  92  10:52  Thor  
  102  11:00  Supply Depot  
  102  11:01  Supply Depot  
  102  11:07  Supply Depot  
  102  11:12  Supply Depot  
  102  11:15  Supply Depot  
  102  11:21  Marine x5  
  113  11:33  Refinery  
Show
View Real Time Build Order
Export as new Build Order

Knoby Terran 

Build Orders: Reaper Expand 

Get SALT Encoding   

  12  0:01  SCV  
  13  0:13  SCV  
  14  0:20  Supply Depot  
  14  0:25  SCV  
  15  0:41  SCV  
  16  0:43  Barracks  
  16  0:49  Refinery  
  16  0:53  SCV  
  17  1:05  SCV  
  18  1:17  SCV  
  19  1:30  Orbital Command  
  19  1:31  Reaper  
  20  1:45  Command Center  
  20  1:58  SCV  
  21  2:01  Supply Depot  
  21  2:04  Barracks Reactor  
  21  2:13  SCV  
  22  2:25  SCV  
  22  2:27  Factory  
  22  2:37  SCV  
  23  2:49  SCV  
  24  2:53  Marine  
  24  2:54  Marine  
  26  2:59  Orbital Command  
  26  3:02  SCV  
  26  3:05  Refinery  
  27  3:13  Marine  
  27  3:14  Marine  
  27  3:18  Starport, Factory Tech Lab  
  29  3:22  SCV  
  29  3:26  SCV  
  31  3:30  Command Center  
  31  3:34  Marine x2, SCV  
  33  3:38  SCV  
  35  3:46  SCV  
  36  3:50  SCV  
  36  3:54  Supply Depot, Siege Tank  
  40  3:58  SCV  
  41  4:03  SCV  
  41  4:07  Starport Reactor  
  42  4:10  SCV  
  42  4:15  SCV  
  42  4:16  Engineering Bay  
  44  4:22  SCV  
  45  4:24  Supply Depot  
  45  4:27  SCV  
  45  4:29  Armory  
  46  4:34  Siege Tank  
  46  4:35  SCV  
  50  4:49  SCV x2  
  50  4:50  Orbital Command  
  52  5:02  SCV x2  
  52  5:05  Marine x2  
  52  5:06  Siege Tank  
  59  5:16  Refinery  
  59  5:17  Refinery, SCV x2  
  59  5:18  SCV  
  62  5:22  Command Center  
  62  5:34  Terran Vehicle Weapons Level 1  
  62  5:39  Siege Tank  
  62  5:40  SCV  
  62  5:41  Liberator, SCV x2  
  68  5:53  SCV x3  
  71  6:02  Marine x2  
  76  6:11  Barracks  
  76  6:12  Barracks  
  76  6:17  Liberator  
  76  6:22  Starport  
  76  6:25  SCV  
  77  6:30  Refinery  
  77  6:31  Refinery  
  77  6:34  SCV x2  
  77  6:36  Supply Depot x2  
  77  6:38  Supply Depot x2  
  77  6:39  Supply Depot  
  82  6:40  Supply Depot  
  82  6:41  Supply Depot  
  82  6:42  Supply Depot  
  82  6:44  Supply Depot  
  82  6:46  Supply Depot  
  82  6:47  Supply Depot  
  82  6:49  SCV x2  
  82  6:50  Planetary Fortress, SCV  
  85  6:58  Missile Turret  
  85  7:01  SCV x2  
  85  7:02  SCV  
  88  7:11  Siege Tank  
  88  7:13  SCV  
  88  7:14  SCV x2  
  94  7:19  Liberator, Missile Turret  
  94  7:21  Missile Turret  
  94  7:32  SCV x3  
  94  7:35  Missile Turret  
  100  7:40  Missile Turret  
  100  7:42  Missile Turret  
  100  7:48  SCV x3  
  100  7:51  Terran Ship Weapons Level 1  
  103  7:56  Armory  
  97  8:02  Missile Turret  
  97  8:04  Missile Turret  
  95  8:17  Liberator x2  
  95  8:27  Missile Turret  
  101  8:38  Starport Reactor  
  101  8:42  Starport  
  101  8:43  Terran Vehicle And Ship Armor Level 1  
  101  8:44  Fusion Core  
  101  8:45  Marine x2  
  101  8:47  Barracks Reactor x2  
  101  8:48  Missile Turret  
  103  8:53  SCV x3  
  103  8:54  SCV  
  107  9:07  SCV  
  107  9:08  SCV x3  
  111  9:10  Missile Turret  
  111  9:17  Command Center  
  111  9:24  Siege Tank  
  114  9:31  Missile Turret  
  113  9:45  Refinery  
  113  9:48  Refinery  
  113  9:50  Liberator x4  
  112  9:54  Starport Tech Lab  
  112  9:56  Siege Tank  
  115  10:01  Marine x4  
  131  10:33  Liberator x2  
  131  10:34  Liberator x3  
  146  11:01  Planetary Fortress  
  146  11:14  Starport  
  146  11:18  Starport  
  146  11:35  Starport  
Show
View Real Time Build Order
Export as new Build Order

Kosh Protoss 

Build Orders: Cannon Rush 

Get SALT Encoding   

  12  0:10  Probe (Chrono Boost)  
  13  0:21  Probe (Chrono Boost)  
  14  0:34  Pylon  
  14  0:35  Probe (Chrono Boost)  
  15  0:48  Pylon  
  15  0:52  Probe (Chrono Boost)  
  16  0:57  Forge  
  16  1:00  Assimilator  
  16  1:03  Probe (Chrono Boost)  
  17  1:14  Probe (Chrono Boost)  
  18  1:24  Probe (Chrono Boost)  
  19  1:32  Photon Cannon  
  19  1:35  Probe (Chrono Boost)  
  19  1:36  Photon Cannon  
  20  1:42  Photon Cannon  
  20  1:48  Assimilator  
  20  1:54  Probe (Chrono Boost)  
  21  2:05  Probe (Chrono Boost)  
  22  2:13  Photon Cannon  
  22  2:17  Gateway  
  22  2:37  Pylon  
  22  2:43  Pylon  
  22  2:48  Probe (Chrono Boost)  
  23  2:58  Probe (Chrono Boost)  
  24  3:09  Probe (Chrono Boost), Cybernetics Core  
  25  3:16  Assimilator  
  25  3:19  Probe (Chrono Boost)  
  26  3:20  Assimilator  
  26  3:26  Pylon  
  26  3:30  Probe (Chrono Boost)  
  27  3:40  Probe (Chrono Boost)  
  28  3:51  Probe (Chrono Boost)  
  28  3:54  Nexus  
  29  4:01  Probe (Chrono Boost)  
  29  4:02  Photon Cannon  
  30  4:12  Probe (Chrono Boost)  
  30  4:16  Protoss Air Weapons Level 1 (Chrono Boost)  
  31  4:22  Probe (Chrono Boost)  
  31  4:24  Photon Cannon  
  32  4:33  Probe (Chrono Boost)  
  33  4:43  Probe (Chrono Boost)  
  34  4:47  Pylon  
  34  4:56  Pylon  
  34  5:04  Photon Cannon  
  34  5:09  Probe (Chrono Boost)  
  35  5:18  Mothership Core  
  35  5:19  Probe  
  38  5:28  Photon Cannon  
  38  5:29  Probe  
  38  5:33  Photon Cannon  
  39  5:38  Stargate  
  39  5:40  Probe  
  39  5:42  Photon Cannon  
  40  5:51  Probe  
  41  6:10  Warp Gate (Chrono Boost)  
  41  6:22  Photon Cannon  
  41  6:23  Void Ray (Chrono Boost)  
  45  6:25  Robotics Facility  
  45  6:58  Stargate  
  45  7:03  Pylon, Void Ray  
  49  7:10  Pylon  
  49  7:13  Observer (Chrono Boost)  
  50  7:26  Robotics Bay  
  50  7:33  Observer (Chrono Boost)  
  50  7:34  Pylon  
  55  7:44  Void Ray (Chrono Boost)  
  55  7:48  Void Ray (Chrono Boost)  
  60  7:52  Observer (Chrono Boost), Protoss Shields Level 1  
  60  8:15  Colossus  
  66  8:20  Extended Thermal Lance  
  66  8:28  Void Ray (Chrono Boost)  
  66  8:31  Void Ray (Chrono Boost)  
  74  8:38  Pylon  
  73  9:05  Pylon  
  73  9:09  Colossus  
  79  9:11  Void Ray (Chrono Boost)  
  79  9:13  Void Ray (Chrono Boost)  
  87  9:46  Fleet Beacon  
  87  9:50  Pylon  
  87  9:52  Void Ray (Chrono Boost)  
  91  9:53  Void Ray (Chrono Boost)  
  95  10:09  Observer  
  76  10:48  Void Ray (Chrono Boost)  
  84  10:50  Void Ray (Chrono Boost)  
  60  11:38  Stalker  
Show
View Real Time Build Order
Export as new Build Order

Maretsu Protoss 

Build Orders: 1 Gate Expand 

Get SALT Encoding   

  12  0:03  Probe (Chrono Boost)  
  13  0:13  Probe (Chrono Boost)  
  14  0:23  Pylon  
  14  0:26  Probe (Chrono Boost)  
  15  0:41  Probe (Chrono Boost)  
  16  0:43  Gateway  
  16  0:52  Probe (Chrono Boost)  
  16  0:53  Assimilator  
  17  1:02  Probe (Chrono Boost)  
  18  1:13  Probe (Chrono Boost)  
  19  1:23  Probe (Chrono Boost)  
  20  1:28  Nexus  
  20  1:40  Cybernetics Core  
  20  1:49  Gateway  
  20  1:58  Gateway  
  20  2:04  Pylon  
  20  2:10  Pylon  
  20  2:19  Stalker  
  22  2:34  Forge  
  22  2:43  Probe (Chrono Boost)  
  23  2:49  Probe (Chrono Boost)  
  24  2:54  Probe (Chrono Boost)  
  25  2:59  Stalker (Chrono Boost), Probe (Chrono Boost)  
  25  3:04  Stalker (Chrono Boost), Probe (Chrono Boost)  
  31  3:16  Probe  
  31  3:18  Stalker (Chrono Boost)  
  34  3:26  Protoss Ground Weapons Level 1  
  34  3:34  Assimilator  
  34  3:38  Zealot x2 (Chrono Boost)  
  38  3:43  Probe  
  38  3:47  Probe  
  42  3:56  Probe  
  42  3:57  Stalker (Chrono Boost)  
  42  3:59  Probe  
  44  4:05  Stalker (Chrono Boost)  
  44  4:07  Stalker (Chrono Boost)  
  44  4:08  Probe  
  49  4:11  Probe  
  50  4:17  Pylon  
  50  4:24  Probe  
  51  4:29  Stalker (Chrono Boost)  
  53  4:35  Stalker (Chrono Boost)  
  55  4:42  Pylon  
  55  4:45  Photon Cannon  
  53  4:55  Photon Cannon  
  53  4:56  Photon Cannon  
  53  5:01  Probe  
  53  5:02  Assimilator  
  53  5:07  Stalker x2 (Chrono Boost)  
  58  5:13  Probe  
  61  5:15  Stalker (Chrono Boost)  
  61  5:18  Pylon  
  61  5:24  Pylon  
  61  5:25  Probe  
  61  5:27  Protoss Ground Armor Level 1 (Chrono Boost)  
  62  5:32  Stalker (Chrono Boost)  
  64  5:37  Probe  
  65  5:49  Probe  
  66  5:52  Robotics Facility  
  66  5:55  Stalker, Twilight Council  
  68  6:07  Stalker  
  70  6:15  Stalker  
  72  6:21  Stalker  
  74  6:34  Probe  
  75  6:45  Pylon  
  75  6:46  Probe  
  76  6:50  Stalker  
  76  6:54  Stalker x2  
  76  6:56  Pylon  
  76  6:58  Probe  
  83  7:12  Observer  
  84  7:18  Stalker  
  84  7:20  Nexus  
  86  7:24  Stalker, Zealot  
  86  7:25  Blink (Chrono Boost)  
  90  7:44  Gateway  
  90  7:46  Pylon  
  90  7:48  Pylon, Zealot  
  92  7:51  Zealot  
  92  7:52  Pylon  
  92  7:54  Zealot  
  96  8:00  Protoss Shields Level 1  
  96  8:15  Zealot  
  96  8:19  Zealot  
  100  8:21  Zealot  
  102  8:42  Zealot  
  102  8:44  Assimilator  
  102  8:46  Zealot  
  102  8:47  Assimilator, Probe  
  106  8:48  Zealot  
  109  8:58  Probe x2  
  111  9:04  Stalker  
  111  9:08  Probe  
  115  9:10  Gateway, Zealot, Probe  
  115  9:13  Stalker  
  115  9:14  Gateway  
  115  9:15  Stalker  
  121  9:20  Charge (Chrono Boost)  
  121  9:22  Probe  
  122  9:34  Stalker  
  122  9:36  Probe  
  122  9:37  Stalker  
  127  9:43  Observer, Stalker  
  127  9:45  Stalker  
  132  9:48  Probe  
  133  10:00  Probe  
  133  10:04  Stalker  
  133  10:05  Observer  
  133  10:06  Stalker  
  139  10:12  Probe  
  140  10:22  Stalker  
  122  10:51  Stalker x5  
  122  10:52  Stalker  
Show
View Real Time Build Order
Export as new Build Order

Zeptick Protoss 

Build Orders:  

Get SALT Encoding   

  12  0:01  Probe (Chrono Boost)  
  13  0:12  Probe (Chrono Boost)  
  14  0:18  Pylon  
  14  0:22  Probe (Chrono Boost)  
  15  0:36  Probe (Chrono Boost)  
  15  0:39  Gateway  
  16  0:47  Probe (Chrono Boost)  
  17  0:53  Assimilator  
  17  1:00  Pylon  
  17  1:05  Assimilator, Probe (Chrono Boost)  
  18  1:15  Probe (Chrono Boost)  
  19  1:26  Probe (Chrono Boost)  
  19  1:27  Cybernetics Core  
  20  1:34  Zealot  
  20  1:36  Probe (Chrono Boost)  
  23  1:47  Probe (Chrono Boost)  
  24  1:57  Probe (Chrono Boost)  
  25  2:03  Warp Gate (Chrono Boost)  
  25  2:17  Gateway x2  
  25  2:26  Robotics Facility  
  25  2:37  Forge  
  25  2:43  Gateway  
  25  2:50  Pylon  
  25  2:55  Sentry  
  27  3:11  Protoss Ground Weapons Level 1  
  27  3:14  Immortal (Chrono Boost)  
  31  3:32  Nexus  
  31  3:39  Pylon  
  31  4:05  Assimilator  
  31  4:14  Assimilator  
  31  4:18  Mothership Core  
  31  4:21  Immortal (Chrono Boost)  
  37  4:25  Sentry  
  37  4:30  Zealot  
  37  4:31  Zealot  
  43  4:40  Probe  
  44  4:48  Probe  
  45  4:53  Probe  
  45  4:59  Probe  
  46  5:05  Probe  
  48  5:09  Probe  
  49  5:15  Immortal (Chrono Boost)  
  49  5:17  Probe  
  49  5:19  Sentry  
  49  5:20  Probe  
  56  5:23  Sentry  
  59  5:29  Probe  
  59  5:30  Probe  
  61  5:40  Pylon  
  61  5:41  Probe  
  62  5:45  Pylon  
  62  5:49  Gateway  
  62  5:53  Gateway  
  62  5:57  Probe  
  62  6:03  Gateway  
  61  6:12  Probe  
  62  6:22  Probe  
  62  6:24  Probe  
  64  6:33  Probe  
  64  6:37  Probe  
  66  6:43  Probe  
  67  6:54  Probe  
  67  6:55  Stalker  
  67  6:56  Stalker x2  
  67  6:57  Stalker  
  76  7:08  Probe  
  77  7:18  Probe  
  78  7:23  Pylon  
  78  7:30  Pylon  
  78  7:39  Protoss Ground Armor Level 1  
  78  7:43  Immortal (Chrono Boost)  
  82  7:49  Robotics Bay  
  82  7:51  Probe  
  83  7:52  Probe  
  84  8:03  Probe  
  85  8:20  Pylon  
  85  8:23  Immortal (Chrono Boost)  
  85  8:26  Pylon  
  89  8:33  Robotics Facility  
  89  8:37  Extended Thermal Lance  
  89  8:45  Stalker  
  89  8:47  Stalker x2  
  95  8:48  Stalker  
  95  8:50  Stalker x2  
  95  8:51  Stalker  
  103  8:57  Colossus (Chrono Boost)  
  109  9:14  Twilight Council  
  109  9:40  Nexus  
  109  9:42  Pylon  
  109  9:45  Assimilator  
  109  9:49  Assimilator  
  109  10:02  Pylon  
  115  10:13  Colossus (Chrono Boost)  
  100  10:47  Stalker x2  
  100  10:48  Stalker x2  
  108  10:50  Stalker  
  110  11:00  Pylon  
  110  11:04  Pylon  
  110  11:07  Pylon  
  110  11:12  Pylon  
  109  11:27  Stalker  
  109  11:28  Stalker x3  
  109  11:29  Stalker x2  
  109  11:30  Stalker  
Show
View Real Time Build Order
Export as new Build Order

Gracz Terran 

Build Orders: MMM Bio 

Get SALT Encoding   

  12  0:02  SCV  
  14  0:14  SCV  
  14  0:26  SCV  
  15  0:29  Supply Depot  
  15  0:33  Refinery  
  15  0:42  Refinery  
  15  0:51  SCV  
  16  1:12  SCV  
  17  1:24  SCV  
  18  1:37  SCV  
  19  1:41  Supply Depot  
  19  1:46  Barracks  
  19  1:50  Barracks  
  19  1:52  Barracks  
  19  2:05  Barracks  
  19  2:28  Supply Depot  
  19  2:44  Barracks Reactor x2  
  19  2:45  Barracks Reactor  
  19  3:04  Barracks Tech Lab  
  19  3:28  Stimpack  
  19  3:35  Reaper x7  
  26  4:07  Reaper x3  
  29  4:15  Command Center  
  26  5:02  Orbital Command  
  24  5:45  SCV  
  25  5:57  SCV  
  26  6:05  Marine  
  26  6:06  Marine x6  
  26  6:10  SCV  
  34  6:11  Combat Shields  
  34  6:22  SCV  
  34  6:23  Marine x3  
  34  6:24  Marine x4  
  42  6:34  SCV  
  43  6:41  Marine x2  
  43  6:46  SCV  
  46  6:50  Orbital Command  
  46  6:58  SCV  
  46  7:00  Factory  
  47  7:06  Factory  
  47  7:30  Concussive Shells  
  47  7:31  Engineering Bay  
  47  7:39  SCV  
  48  7:48  SCV  
  49  7:51  SCV  
  49  8:00  SCV  
  49  8:03  SCV  
  46  8:12  SCV  
  47  8:16  SCV  
  48  8:24  SCV  
  49  8:28  SCV  
  50  8:36  SCV  
  50  8:37  Factory Tech Lab  
  50  8:39  Factory Tech Lab  
  50  8:40  SCV  
  52  8:47  Armory  
  27  10:15  Thor x2  
  27  10:18  Marine  
  27  10:19  Marine x5  
  27  10:20  Marine  
  46  10:33  Starport  
  46  10:36  Marine x2  
  46  10:37  Marine x4  
  46  10:38  Marine  
  53  10:47  Starport  
  53  10:54  Marine  
  54  11:00  Marine x6, Thor x2  
  72  11:10  Starport Tech Lab  
  72  11:12  Marine  
  73  11:28  Supply Depot  
Tags
 
Add a new tag
Caveats
  • Supply blocks, unpowered buildings, or Contaminate may cause inaccurate times.
  • Supply counts are checked every 10 seconds.